General information
- name: BNet
- type: Ladder team game (AT/RT)
- host: Battle.net
- saver: TALONSAREIMBA
map: LostTemple
- players: 4
- length: 22:58
- speed: Fast
- version: 1.24 W3XP
- replay type: Public
» download(174 KB)
Players
team 1 (winner)
CoLeGePaRtYeR17 (
orange | 91 APM | 2099 actions | 22:57)
5 Archmage
3 Summon Water Elemental
2 Brilliance Aura
3 Mountain King
2 Storm Bolt
1 Thunder Clap
» actions
| Assign group hotkey | 53 | |
| Basic commands | 298 | |
| Build / train | 77 | |
| Enter build submenu | 22 | |
| Enter hero's abilities submenu | 8 | |
| Give item / drop item | 2 | |
| Remove unit from queue | 1 | |
| Right click | 631 | |
| Select / deselect | 503 | |
| Select group hotkey | 407 | |
| Use ability | 97 | |
2099 total
» units
| Peasant | 9 | |
| Footman | 5 | |
| Rifleman | 21 | |
| Sorceress | 6 | |
| Priest | 8 | |
49 total
» upgrades
| Gunpowder | 2 | |
| Long Rifles | 1 | |
| Armor | 2 | |
| Sorceress Training | 1 | |
| Priest Training | 1 | |
7 total
» buildings
| Altar of Kings | 2 | |
| Farm | 10 | |
| Barracks | 1 | |
| Arcane Vault | 2 | |
| Keep | 2 | |
| Blacksmith | 1 | |
| Arcane Sanctum | 1 | |
| Town Hall | 1 | |
| Castle | 1 | |
| Lumber Mill | 1 | |
22 total
» build order
00:07 Altar of Kings
00:09 Altar of Kings
00:21 Farm
00:57 Barracks
01:27 Farm
02:18 Arcane Vault
03:13 Keep
03:14 Keep
03:18 Farm
03:33 Blacksmith
04:47 Farm
05:56 Arcane Sanctum
06:16 Farm
09:52 Farm
11:51 Arcane Vault
12:16 Farm
15:47 Town Hall
16:58 Farm
20:15 Castle
21:06 Lumber Mill
21:36 Farm
21:38 Farm
» items
| Lesser Clarity Potion | 2 | |
| Scroll of Regeneration | 1 | |
| Potion of Healing | 1 | |
4 total
TALONSAREIMBA (
green | 126 APM | 2894 actions | 22:58)
6 Blademaster
3 Wind Walk
3 Critical Strike
5 Shadow Hunter
3 Hex
2 Healing Wave
» actions
| Assign group hotkey | 31 | |
| Basic commands | 141 | |
| Build / train | 82 | |
| ESC pressed | 1 | |
| Enter build submenu | 14 | |
| Enter hero's abilities submenu | 11 | |
| Give item / drop item | 4 | |
| Right click | 1381 | |
| Select / deselect | 696 | |
| Select group hotkey | 436 | |
| Use ability | 97 | |
2894 total
» units
| Peon | 16 | |
| Grunt | 15 | |
| Raider | 9 | |
| Wind Rider | 9 | |
49 total
» upgrades
| Berserker Strength | 1 | |
| Ensnare | 1 | |
| Armor | 2 | |
| Envenomed Spears | 1 | |
| Ranged Weapons | 3 | |
8 total
» buildings
| Altar of Storms | 1 | |
| Orc Burrow | 5 | |
| Barracks | 1 | |
| Voodoo Lounge | 1 | |
| Stronghold | 2 | |
| Beastiary | 2 | |
| Great Hall | 1 | |
| War Mill | 2 | |
| Fortress | 1 | |
16 total
» build order
00:05 Altar of Storms
00:06 Orc Burrow
00:24 Barracks
01:46 Orc Burrow
01:57 Voodoo Lounge
03:20 Stronghold
03:20 Stronghold
04:17 Orc Burrow
05:53 Beastiary
06:38 Orc Burrow
07:48 Great Hall
08:02 War Mill
12:02 Beastiary
14:50 Fortress
15:16 War Mill
17:38 Orc Burrow
» items
| Healing Salve | 2 | |
| Lesser Clarity Potion | 4 | |
| Boots of Speed | 1 | |
| Potion of Mana | 1 | |
8 total
team 2 (loser)

»
GoranDragon (
blue | 218 APM | 5000 actions | 22:57)
5 Death Knight
3 Death Coil
2 Unholy Aura
3 Lich
2 Frost Nova
1 Dark Ritual
» actions
| Assign group hotkey | 76 | |
| Basic commands | 229 | |
| Build / train | 56 | |
| ESC pressed | 6 | |
| Enter build submenu | 19 | |
| Enter hero's abilities submenu | 8 | |
| Give item / drop item | 3 | |
| Right click | 2129 | |
| Select / deselect | 549 | |
| Select group hotkey | 1785 | |
| Use ability | 140 | |
5000 total
» units
| Acolyte | 2 | |
| Ghoul | 2 | |
| Crypt Fiend | 15 | |
| Obsidian Statue | 6 | |
| Frost Wyrm | 2 | |
27 total
» upgrades
| Creature Attack | 2 | |
| Burrow | 1 | |
| Destroyer Form | 1 | |
| Web | 1 | |
| Creature Carapace | 2 | |
7 total
» buildings
| Graveyard | 1 | |
| Crypt | 1 | |
| Altar of Darkness | 1 | |
| Ziggurat | 8 | |
| Tomb of Relics | 1 | |
| Nerubian Tower | 1 | |
| Halls of the Dead | 1 | |
| Black Citadel | 1 | |
| Slaughterhouse | 1 | |
| Sacrificial Pit | 1 | |
| Boneyard | 2 | |
| Spirit Tower | 1 | |
20 total
» build order
00:07 Graveyard
00:14 Crypt
00:30 Altar of Darkness
00:48 Ziggurat
01:10 Tomb of Relics
01:51 Ziggurat
02:28 Ziggurat
02:50 Ziggurat
03:42 Nerubian Tower
05:05 Ziggurat
05:15 Halls of the Dead
07:25 Ziggurat
07:58 Black Citadel
08:29 Slaughterhouse
10:04 Ziggurat
12:08 Ziggurat
15:39 Sacrificial Pit
16:48 Boneyard
17:28 Boneyard
17:43 Spirit Tower
» items
| Rod of Necromancy | 3 | |
| Scroll of Town Portal | 2 | |
| Orb of Corruption | 1 | |
| Potion of Mana | 1 | |
7 total
Paper.Tigers (
yellow | 114 APM | 2624 actions | 22:55)
5 Priestess of the Moon
3 Trueshot Aura
2 Searing Arrows
» actions
| Assign group hotkey | 22 | |
| Basic commands | 24 | |
| Build / train | 91 | |
| Enter build submenu | 23 | |
| Enter hero's abilities submenu | 5 | |
| Give item / drop item | 3 | |
| Remove unit from queue | 6 | |
| Right click | 1341 | |
| Select / deselect | 484 | |
| Select group hotkey | 553 | |
| Use ability | 72 | |
2624 total
» units
| Wisp | 27 | |
| Huntress | 26 | |
| Druid of the Talon | 6 | |
| Dryad | 3 | |
| Faerie Dragon | 2 | |
64 total
» upgrades
| Strength of the Moon | 1 | |
| Druid of the Talon Training | 1 | |
| Strength of the Wild | 1 | |
| Abolish Magic | 1 | |
4 total
» buildings
| Altar of Elders | 1 | |
| Moon Well | 7 | |
| Hunter's Hall | 1 | |
| Ancient of War | 2 | |
| Tree of Life | 1 | |
| Ancient of Wonders | 1 | |
| Tree of Ages | 2 | |
| Ancient of Lore | 5 | |
| Ancient of Wind | 2 | |
| Tree of Eternity | 1 | |
23 total
» build order
00:11 Altar of Elders
00:20 Moon Well
01:59 Hunter's Hall
02:02 Ancient of War
02:10 Moon Well
02:19 Ancient of War
02:58 Moon Well
05:12 Moon Well
07:17 Tree of Life
10:11 Moon Well
14:57 Ancient of Wonders
15:42 Tree of Ages
15:42 Tree of Ages
18:48 Ancient of Lore
18:50 Ancient of Lore
18:51 Ancient of Wind
18:53 Ancient of Wind
18:59 Ancient of Lore
19:28 Ancient of Lore
19:32 Ancient of Lore
20:23 Moon Well
20:27 Moon Well
20:28 Tree of Eternity
» items
| Scroll of Town Portal | 2 | |
| Potion of Healing | 4 | |
| Dust of Appearance | 1 | |
| Scroll of Healing | 1 | |
8 total
Chat log
(00:33 / All) CoLeGePaRtYeR17: im going to obliterate you
(00:36 / All) CoLeGePaRtYeR17: with my
(00:40 / All) CoLeGePaRtYeR17: fashionable attire
(00:57 / All) Paper.Tigers: um
(00:57 / All) Paper.Tigers: k
(00:58 / All) GoranDragon: sense of fashion
(00:59 / All) GoranDragon: > me
(01:04 / All) Paper.Tigers: true he is metro
(01:07 / All) CoLeGePaRtYeR17: i hate gay people
(01:15 / All) CoLeGePaRtYeR17: my sonichu
(01:16 / All) Paper.Tigers: neither of us are gay
(01:17 / All) CoLeGePaRtYeR17: fans
(01:17 / All) Paper.Tigers: phew
(01:19 / All) CoLeGePaRtYeR17: there will be more comics
(01:22 / All) GoranDragon: just metro
(01:23 / All) GoranDragon: like crazy
(01:28 / All) Paper.Tigers: like SO CRAZY
(01:30 / All) CoLeGePaRtYeR17: heres me
(01:31 / All) CoLeGePaRtYeR17: doing
(01:32 / All) CoLeGePaRtYeR17: parkay
(01:34 / All) Paper.Tigers: so metro it hurts my eyes
(01:38 / All) TALONSAREIMBA: Only well dress men and fucking nerds
(01:42 / All) TALONSAREIMBA: ur a nerd
(01:54 / All) Paper.Tigers: skinny jeans and v-necks = nerd?
(01:58 / All) TALONSAREIMBA: yeah
(01:59 / All) GoranDragon: nope
(02:02 / All) TALONSAREIMBA: thats not dressing well
(02:03 / All) GoranDragon: that is metro
(02:10 / All) TALONSAREIMBA: vnecks are for boring kids now
(02:21 / All) TALONSAREIMBA: enjoy ur mallcore metro
(02:23 / All) TALONSAREIMBA: U faggot
(02:39 / All) TALONSAREIMBA: Wow u r dumb
(06:09 / All) TALONSAREIMBA: Quit
(06:15 / All) TALONSAREIMBA: u cant surround
(06:20 / All) GoranDragon: neither can you
(06:21 / All) GoranDragon: apparently
(06:25 / All) TALONSAREIMBA: nice aura
(06:30 / All) TALONSAREIMBA: and i had 2 grunts
(06:39 / All) GoranDragon: after i kille done
(06:40 / All) GoranDragon: yes
(08:36 / All) TALONSAREIMBA: Ur ne is an idiot
(08:47 / All) GoranDragon: metro*
(08:49 / All) GoranDragon: big difference
(11:12 / All) TALONSAREIMBA: Dumb
(11:16 / All) TALONSAREIMBA: Dumb
(11:42 / All) TALONSAREIMBA: Do u like my bms inventory
(11:54 / All) Paper.Tigers: ive seen better.
(12:26 / All) TALONSAREIMBA: yes surround me
(15:31 / All) CoLeGePaRtYeR17: WHATS THE DIFFERENCE BETWEEN ME AND YOU
(15:34 / All) CoLeGePaRtYeR17: MY ARMY TAKES SKILL TO USE
(15:49 / All) GoranDragon: and no skill to lose
(15:59 / All) TALONSAREIMBA: Yes thats an expansion
(18:13 / All) TALONSAREIMBA: Nice tp
(18:29 / All) TALONSAREIMBA: Nice.
(19:03 / All) TALONSAREIMBA: Its hillarious because im not trying
(21:46 / All) TALONSAREIMBA: Howd u still lose
(21:48 / All) TALONSAREIMBA: with that expansion
(21:54 / All) Paper.Tigers: ally had 3k gold
(22:02 / All) TALONSAREIMBA: blame ur at ally
(22:05 / All) TALONSAREIMBA: 8)
(22:07 / All) Paper.Tigers: you asked
(22:09 / All) Paper.Tigers: i explained